2862 views
Uploaded 2020-03-02 17:24:45
Game version 1.32.2
16:19 long 1on1 ladder game on (2)Dalaran
Saved by drixb
2862 views
Uploaded 2020-03-02 17:24:45
Game version 1.32.2
16:19 long 1on1 ladder game on (2)Dalaran

28 units @ 4.7k
/ 0.6k
16 buildings @ 2.9k
/ 1.3k


| Lesser Clarity Potion | 8 | 560 |
| Healing Salve | 4 | 400 |
| Scroll of Speed | 3 | 150 |
| Potion of Healing | 1 | 150 |
| total: | 16 | 1260g |
| Peon | 7 | 525 | / | 0 |
| Grunt | 6 | 1200 | / | 0 |
| Spirit Walker | 6 | 1170 | / | 210 |
| Raider | 5 | 900 | / | 200 |
| Demolisher | 3 | 660 | / | 150 |
| Tauren | 1 | 280 | / | 80 |
| total: | 28 | 4735g | / | 640w |
| Watch Tower | 2 | 220 | / | 160 |
| Altar of Storms | 1 | 180 | / | 50 |
| Orc Burrow | 5 | 800 | / | 200 |
| Barracks | 1 | 180 | / | 50 |
| Voodoo Lounge | 1 | 130 | / | 30 |
| War Mill | 1 | 205 | / | 0 |
| Great Hall | 2 | 770 | / | 370 |
| Tauren Totem | 2 | 270 | / | 310 |
| Beastiary | 1 | 145 | / | 140 |
| Stronghold | 1 | 315 | / | 190 |
| Fortress | 1 | 325 | / | 190 |
| total: | 16 | 2900g | / | 1310w |
| 0:02 | Peon |
| 0:02 | Peon |
| 0:07 | Altar of Storms |
| 0:13 | Orc Burrow |
| 0:24 | Peon |
| 0:40 | Barracks |
| 0:46 | Peon |
| 0:59 | Peon |
| 1:16 | Peon |
| 1:21 | Orc Burrow |
| 1:28 | Peon |
| 1:48 | Grunt |
| 1:48 | Grunt |
| 2:03 | Voodoo Lounge |
| 2:07 | Feral Spirit |
| 2:38 | Grunt |
| 3:22 | Grunt |
| 4:00 | Grunt |
| 4:01 | Stronghold |
| 4:32 | Orc Burrow |
| 4:34 | Orc Burrow |
| 4:37 | War Mill |
| 4:46 | Chain Lighting |
| 5:33 | Lesser Clarity Potion |
| 5:33 | Healing Salve |
| 5:34 | Lesser Clarity Potion |
| 5:37 | Scroll of Speed |
| 5:52 | Steel Melee Weapons |
| 6:10 | Watch Tower |
| 6:12 | Watch Tower |
| 6:28 | Tauren Totem |
| 6:34 | Feral Spirit |
| 6:51 | Beastiary |
| 6:54 | Berserker Strength |
| 6:58 | Thorium Melee Weapons |
| 7:04 | Healing Salve |
| 7:22 | Shockwave |
| 7:28 | Lesser Clarity Potion |
| 7:30 | Healing Salve |
| 7:32 | Potion of Healing |
| 7:33 | Scroll of Speed |
| 7:41 | Spirit Walker |
| 7:42 | Spirit Walker |
| 8:21 | Raider |
| 8:22 | Spirit Walker |
| 9:28 | Ensnare |
| 9:29 | Spirit Walker |
| 9:58 | Grunt |
| 9:59 | Raider |
| 9:59 | Spirit Walker |
| 10:02 | Endurance Aura |
| 10:12 | Lesser Clarity Potion |
| 10:12 | Lesser Clarity Potion |
| 10:20 | Demolisher |
| 10:25 | Scroll of Speed |
| 10:36 | Spirit Walker Adept Training |
| 10:43 | Raider |
| 10:43 | Raider |
| 10:51 | Lesser Clarity Potion |
| 11:01 | Spirit Walker Master Training |
| 11:18 | Troll Regeneration |
| 12:13 | Chain Lighting |
| 13:10 | Endurance Aura |
| 13:13 | Demolisher |
| 13:13 | Raider |
| 13:14 | Spirit Walker |
| 13:31 | Great Hall |
| 13:37 | Fortress |
| 13:41 | Tauren Totem |
| 13:45 | Lesser Clarity Potion |
| 13:56 | Healing Salve |
| 14:05 | Lesser Clarity Potion |
| 14:32 | Demolisher |
| 14:41 | Orc Burrow |
| 15:26 | Great Hall |
| 16:01 | Tauren |
| Right click | 847 |
| Select | 433 |
| Select group | 367 |
| Misc. action | 201 |
| Build/train/purchase | 111 |
| Assign group | 61 |
| Use ability | 42 |
| Chat | 4 |
| Item give/drop | 3 |
| Esc | 2 |
51 units @ 6.5k
/ 0.6k
24 buildings @ 2.4k
/ 0.9k


| Scroll of Regeneration | 4 | 400 |
| Lesser Clarity Potion | 3 | 210 |
| Ivory Tower | 2 | 80 |
| Scroll of Town Portal | 1 | 350 |
| total: | 10 | 1040g |
| Peasant | 24 | 1800 | / | 0 |
| Footman | 3 | 405 | / | 0 |
| Rifleman | 13 | 2665 | / | 390 |
| Sorceress | 5 | 775 | / | 100 |
| Priest | 6 | 810 | / | 60 |
| total: | 51 | 6455g | / | 550w |
| Scout Tower | 5 | 150 | / | 100 |
| Arcane Tower | 4 | 280 | / | 200 |
| Guard Tower | 2 | 140 | / | 100 |
| Altar of Kings | 1 | 180 | / | 50 |
| Farm | 11 | 880 | / | 220 |
| Barracks | 1 | 160 | / | 60 |
| Arcane Vault | 2 | 260 | / | 60 |
| Lumber Mill | 1 | 120 | / | 0 |
| Blacksmith | 1 | 140 | / | 60 |
| Town Hall | 1 | 385 | / | 205 |
| Arcane Sanctum | 1 | 150 | / | 140 |
| Keep | 1 | 320 | / | 210 |
| total: | 24 | 2425g | / | 895w |
| 0:01 | Peasant |
| 0:01 | Peasant |
| 0:08 | Altar of Kings |
| 0:19 | Farm |
| 0:26 | Peasant |
| 0:33 | Barracks |
| 0:36 | Peasant |
| 0:48 | Peasant |
| 0:51 | Farm |
| 1:06 | Peasant |
| 1:19 | Peasant |
| 1:32 | Farm |
| 1:34 | Footman |
| 1:49 | Peasant |
| 1:56 | Footman |
| 2:01 | Scout Tower |
| 2:04 | Peasant |
| 2:10 | Summon Water Elemental |
| 2:18 | Footman |
| 2:20 | Peasant |
| 2:30 | Arcane Tower |
| 3:33 | Keep |
| 3:48 | Arcane Vault |
| 3:50 | Lumber Mill |
| 4:05 | Blacksmith |
| 4:26 | Farm |
| 4:40 | Scroll of Regeneration |
| 4:40 | Lesser Clarity Potion |
| 4:48 | Farm |
| 5:56 | Arcane Sanctum |
| 5:58 | Scroll of Regeneration |
| 6:01 | Lesser Clarity Potion |
| 6:15 | Ivory Tower |
| 6:16 | Ivory Tower |
| 6:23 | Rifleman |
| 6:46 | Brilliance Aura |
| 6:52 | Storm Bolt |
| 6:53 | Scroll of Regeneration |
| 7:01 | Sorceress |
| 7:10 | Town Hall |
| 7:17 | Arcane Tower |
| 7:29 | Long Rifles |
| 7:30 | Priest |
| 7:32 | Arcane Tower |
| 7:35 | Scout Tower |
| 8:13 | Priest |
| 8:16 | Rifleman |
| 8:26 | Summon Water Elemental |
| 8:33 | Guard Tower |
| 8:34 | Peasant |
| 8:40 | Arcane Vault |
| 9:15 | Rifleman |
| 9:32 | Thunder Clap |
| 10:04 | Peasant |
| 10:05 | Peasant |
| 10:05 | Rifleman |
| 10:06 | Priest |
| 10:07 | Peasant |
| 10:07 | Peasant |
| 10:18 | Scout Tower |
| 10:22 | Rifleman |
| 10:24 | Sorceress |
| 10:29 | Improved Lumber Harvesting |
| 10:43 | Black Gunpowder |
| 10:57 | Rifleman |
| 11:06 | Sorceress |
| 11:15 | Farm |
| 11:16 | Peasant |
| 11:16 | Peasant |
| 11:36 | Peasant |
| 11:36 | Peasant |
| 11:36 | Peasant |
| 11:44 | Rifleman |
| 11:45 | Sorceress |
| 11:47 | Scout Tower |
| 12:00 | Priest |
| 12:22 | Rifleman |
| 12:23 | Priest |
| 12:44 | Rifleman |
| 13:01 | Thunder Clap |
| 13:17 | Rifleman |
| 13:20 | Guard Tower |
| 13:21 | Farm |
| 13:30 | Farm |
| 13:42 | Peasant |
| 13:42 | Peasant |
| 13:42 | Peasant |
| 13:47 | Rifleman |
| 13:48 | Priest |
| 13:52 | Farm |
| 14:08 | Scout Tower |
| 14:13 | Improved Masonry |
| 14:17 | Farm |
| 14:19 | Priest Adept Training |
| 14:20 | Lesser Clarity Potion |
| 14:20 | Scroll of Regeneration |
| 14:25 | Scroll of Town Portal |
| 15:12 | Arcane Tower |
| 15:13 | Farm |
| 15:15 | Peasant |
| 15:21 | Sorceress Adept Training |
| 15:34 | Rifleman |
| 15:56 | Brilliance Aura |
| 16:13 | Rifleman |
| 16:14 | Sorceress |
| Right click | 917 |
| Select group | 800 |
| Select | 356 |
| Misc. action | 193 |
| Build/train/purchase | 139 |
| Assign group | 66 |
| Use ability | 15 |